PUBAA
BAY ROYALS @ ROME MAELSTROM
07/01/1972
 
TOP OF THE 1ST
Bay Royals batting - Pitching for Rome Maelstrom : RHP Pete Broberg
Pitching: RHP Pete Broberg
Batting: LHB Andy Starks 0-0: SINGLE (Groundball, 34D, EV 97.5 MPH)
Batting: RHB Joe Baker 0-0: Ball
1-0: Called Strike
1-1: Fly out, F7 (Line Drive, 78M, EV 98.1 MPH)
Batting: RHB Anastasio Rodríguez 0-0: Ball
1-0: Grounds into double play, 4-6-3 (Groundball, 4, EV 103.8 MPH)
Top of the 1st over - 0 runs, 1 hit, 0 errors, 0 left on base; Bay 0 - Rome 0
BOTTOM OF THE 1ST
Rome Maelstrom batting - Pitching for Bay Royals : RHP Kip Goff
Pitching: RHP Kip Goff
Batting: RHB Jerry Gully 0-0: Fly out, F7 (Flyball, 7LS, EV 85.0 MPH)
Batting: RHB Sakutaro Iwasaki 0-0: Called Strike
0-1: Foul Ball, location: 23F
0-2: Ball
1-2: Strikes out swinging
Batting: LHB Bob Randall 0-0: Ball
1-0: Fly out, F8 (Flyball, 8RM, EV 92.5 MPH)
Bottom of the 1st over - 0 runs, 0 hits, 0 errors, 0 left on base; Bay 0 - Rome 0
TOP OF THE 2ND
Bay Royals batting - Pitching for Rome Maelstrom : RHP Pete Broberg
Batting: RHB Rocky Gray 0-0: DOUBLE (Flyball, 89D, EV 92.5 MPH)
Batting: RHB Raúl Camacho 0-0: Called Strike
0-1: Swinging Strike
0-2: Foul Ball, location: 2F
0-2: Foul Ball, location: 2LF
0-2: Ball
1-2: Ground out 6-3 (Groundball, 6, EV 93.1 MPH)
Batting: RHB Jerry Morales 0-0: Called Strike
0-1: Ball
1-1: Swinging Strike
1-2: Ball
Wild Pitch!
Rocky Gray to third
2-2: Ball
3-2: Ground out 6-3 (Groundball, 6S, EV 63.8 MPH)
Rocky Gray scores
Batting: LHB Jack Snow 0-0: Foul Ball, location: 3DF
0-1: Called Strike
0-2: Strikes out swinging
Top of the 2nd over - 1 run, 1 hit, 0 errors, 0 left on base; Bay 1 - Rome 0
BOTTOM OF THE 2ND
Rome Maelstrom batting - Pitching for Bay Royals : RHP Kip Goff
Batting: RHB Jeff James 0-0: Called Strike
0-1: Fly out, F4 (Popup, 4, EV 78.8 MPH)
Batting: RHB Vicente García 0-0: Called Strike
0-1: Ball
1-1: Ball
2-1: Foul Ball, location: 5FF
2-2: Foul Ball, location: 9LSF
2-2: Ball
3-2: Base on Balls
Batting: SHB Ron Cook 0-0: SINGLE (Groundball, 6D, EV 100.6 MPH)
Vicente García to second
Batting: RHB Anastasio Gonzáles 0-0: Ball
1-0: Called Strike
1-1: Fly out, F9 (Flyball, 9, EV 75.6 MPH)
Batting: LHB Masaharu Kobayashi 0-0: Foul Ball, location: 5F
0-1: Foul Ball, location: 7LSF
0-2: Strikes out looking
Bottom of the 2nd over - 0 runs, 1 hit, 0 errors, 2 left on base; Bay 1 - Rome 0
TOP OF THE 3RD
Bay Royals batting - Pitching for Rome Maelstrom : RHP Pete Broberg
Batting: RHB Miguel Días 0-0: Ball
1-0: Ball
2-0: Called Strike
2-1: Ball
3-1: Base on Balls
Batting: LHB Ed Young 0-0: Called Strike
Miguel Días steals 2nd base
0-1: Called Strike
0-2: Ball
1-2: Foul Ball, location: 7LDF
1-2: Strikes out swinging
Batting: LHB Andy Starks 0-0: Ball
1-0: Called Strike
1-1: Ball
2-1: Foul Ball, location: 2F
2-2: Foul Ball, location: 2F
2-2: Ball
3-2: Ground out U3 (Groundball, 34, EV 81.3 MPH)
Miguel Días to third
Batting: RHB Joe Baker 0-0: Called Strike
0-1: Ground out 4-3 (Groundball, 4M, EV 103.1 MPH)
Top of the 3rd over - 0 runs, 0 hits, 0 errors, 1 left on base; Bay 1 - Rome 0
BOTTOM OF THE 3RD
Rome Maelstrom batting - Pitching for Bay Royals : RHP Kip Goff
Batting: RHB Enrique Vásquez 0-0: Swinging Strike
0-1: Ball
1-1: Ground out 6-3 (Groundball, 6S, EV 65.6 MPH)
Batting: RHB Jerry Gully 0-0: Ball
1-0: Ball
2-0: Ball
3-0: Called Strike
3-1: Reached on error, E6 (Groundball, 6M, EV 89.4 MPH)
Batting: RHB Sakutaro Iwasaki 0-0: Ball
1-0: Called Strike
1-1: Ball
2-1: Ball
3-1: DOUBLE (Line Drive, 9LS, EV 91.9 MPH)
Jerry Gully scores
Batting: LHB Bob Randall 0-0: Swinging Strike
0-1: Ball
1-1: Swinging Strike
1-2: Strikes out swinging
Batting: RHB Jeff James 0-0: Ball
1-0: Ball
2-0: Called Strike
2-1: 2-RUN HOME RUN (Flyball, 7LD, EV 100.0 MPH), Distance : 373 ft
Batting: RHB Vicente García 0-0: Foul Ball, location: 9LMFF
0-1: Called Strike
0-2: SINGLE (Line Drive, 78M, EV 108.1 MPH)
Batting: SHB Ron Cook 0-0: Swinging Strike
0-1: SINGLE (Line Drive, 7S, EV 91.3 MPH)
Vicente García to second
Batting: RHB Anastasio Gonzáles 0-0: Called Strike
0-1: Ball
1-1: Called Strike
1-2: Ball
2-2: SINGLE (Flyball, 78S, EV 95.6 MPH)
Vicente García to third
Ron Cook to second
Runner from 3rd tries for Home, SAFE, throw by CF to home
Batting: LHB Masaharu Kobayashi 0-0: Foul Ball, location: 3SF
0-1: Foul Ball, location: 7LSF
0-2: Strikes out looking
Bottom of the 3rd over - 4 runs, 5 hits, 1 error, 2 left on base; Bay 1 - Rome 4
TOP OF THE 4TH
Bay Royals batting - Pitching for Rome Maelstrom : RHP Pete Broberg
Batting: RHB Anastasio Rodríguez 0-0: Ball
1-0: Foul Ball, location: 3SF
1-1: Ball
2-1: Swinging Strike
2-2: Fly out, F9 (Flyball, 9, EV 87.5 MPH)
Batting: RHB Rocky Gray 0-0: Called Strike
0-1: Ball
1-1: Ball
2-1: Ground out 4-3 (Groundball, 4S, EV 75.6 MPH)
Batting: RHB Raúl Camacho 0-0: Called Strike
0-1: Ground out 6-3 (Groundball, 6, EV 86.9 MPH)
Top of the 4th over - 0 runs, 0 hits, 0 errors, 0 left on base; Bay 1 - Rome 4
BOTTOM OF THE 4TH
Rome Maelstrom batting - Pitching for Bay Royals : RHP Kip Goff
Batting: RHB Enrique Vásquez 0-0: Ball
1-0: Ground out 6-3 (Groundball, 6, EV 90.0 MPH)
Batting: RHB Jerry Gully 0-0: Foul Ball, location: 9LDF
0-1: Swinging Strike
0-2: Ball
1-2: Strikes out swinging
Batting: RHB Sakutaro Iwasaki 0-0: Called Strike
0-1: Foul Ball, location: 2F
0-2: Ball
1-2: Ball
2-2: Ball
3-2: Base on Balls
Batting: LHB Bob Randall 0-0: Ball
1-0: Ball
2-0: Foul Ball, location: 2F
2-1: Fly out, F8 (Flyball, 78D, EV 98.8 MPH)
Bottom of the 4th over - 0 runs, 0 hits, 0 errors, 1 left on base; Bay 1 - Rome 4
TOP OF THE 5TH
Bay Royals batting - Pitching for Rome Maelstrom : RHP Pete Broberg
Batting: RHB Jerry Morales 0-0: Ground out 5-3 (Groundball, 5S, EV 87.5 MPH)
Batting: LHB Jack Snow 0-0: Called Strike
0-1: Swinging Strike
0-2: Ball
1-2: Strikes out swinging
Batting: RHB Miguel Días 0-0: Foul Ball, location: 2F
0-1: Ball
1-1: Foul Ball, location: 5FF
1-2: Fly out, F8 (Flyball, 89M, EV 88.1 MPH)
Top of the 5th over - 0 runs, 0 hits, 0 errors, 0 left on base; Bay 1 - Rome 4
BOTTOM OF THE 5TH
Rome Maelstrom batting - Pitching for Bay Royals : RHP Kip Goff
Batting: RHB Jeff James 0-0: Called Strike
0-1: Foul Ball, location: 2F
0-2: Ball
1-2: Ball
2-2: Foul Ball, location: 2F
2-2: SOLO HOME RUN (Flyball, 7D, EV 108.1 MPH), Distance : 393 ft
Pitching: RHP Gary Boyd
Batting: RHB Vicente García 0-0: Called Strike
0-1: Swinging Strike
0-2: Foul Ball, location: 9LSF
0-2: Ball
1-2: Foul Ball, location: 9LDF
1-2: Ball
2-2: Fly out, F8 (Flyball, 8RS, EV 86.9 MPH)
Batting: SHB Ron Cook 0-0: Called Strike
0-1: Called Strike
0-2: Fly out, F4 (Popup, 4, EV 76.9 MPH)
Batting: RHB Anastasio Gonzáles 0-0: SINGLE (Groundball, 4MD, EV 108.1 MPH)
Batting: LHB Masaharu Kobayashi 0-0: Called Strike
0-1: Ground out 4-3 (Groundball, 4, EV 88.1 MPH)
Bottom of the 5th over - 1 run, 2 hits, 0 errors, 1 left on base; Bay 1 - Rome 5
TOP OF THE 6TH
Bay Royals batting - Pitching for Rome Maelstrom : RHP Pete Broberg
Batting: LHB Ed Young 0-0: Ball
1-0: Fly out, F7 (Flyball, 7, EV 92.5 MPH)
Batting: LHB Andy Starks 0-0: Ball
1-0: Fly out, F3 (Popup, 34, EV 80.6 MPH)
Batting: RHB Joe Baker 0-0: Swinging Strike
0-1: Ground out 4-3 (Groundball, 4, EV 77.5 MPH)
Top of the 6th over - 0 runs, 0 hits, 0 errors, 0 left on base; Bay 1 - Rome 5
BOTTOM OF THE 6TH
Rome Maelstrom batting - Pitching for Bay Royals : RHP Gary Boyd
Batting: RHB Enrique Vásquez 0-0: Ball
1-0: Ball
2-0: Ball
3-0: Called Strike
3-1: Ground out 3-1 (Groundball, 34S, EV 85.6 MPH)
Batting: RHB Jerry Gully 0-0: Ball
1-0: Ball
2-0: Called Strike
2-1: Foul Ball, location: 2F
2-2: Ground out 4-3 (Groundball, 4, EV 91.9 MPH)
Batting: RHB Sakutaro Iwasaki 0-0: SINGLE (Flyball, 89S, EV 97.5 MPH)
Batting: LHB Bob Randall 0-0: Ball
Sakutaro Iwasaki steals 2nd base
1-0: Ball
2-0: 2-RUN HOME RUN (Flyball, 9D, EV 95.0 MPH), Distance : 363 ft
Batting: RHB Jeff James 0-0: Called Strike
0-1: Swinging Strike
0-2: SINGLE (Flyball, 3D, EV 91.9 MPH)
Batting: RHB Vicente García 0-0: Called Strike
0-1: Ball
1-1: Ball
2-1: Ball
3-1: Called Strike
3-2: Base on Balls
Jeff James to second
Batting: SHB Ron Cook 0-0: Ball
1-0: Foul Ball, location: 7LSF
1-1: Ball
2-1: Ball
3-1: Base on Balls
Jeff James to third
Vicente García to second
Batting: RHB Anastasio Gonzáles 0-0: Ball
1-0: Fly out, F9 (Flyball, 9, EV 75.0 MPH)
Bottom of the 6th over - 2 runs, 3 hits, 0 errors, 3 left on base; Bay 1 - Rome 7
TOP OF THE 7TH
Bay Royals batting - Pitching for Rome Maelstrom : RHP Pete Broberg
Batting: RHB Anastasio Rodríguez 0-0: Ball
1-0: Swinging Strike
1-1: Called Strike
1-2: Foul Ball, location: 2F
1-2: Ground out 4-3 (Groundball, 4MD, EV 99.4 MPH)
Batting: RHB Rocky Gray 0-0: Ball
1-0: Fly out, F7 (Flyball, 7D, EV 81.9 MPH)
Batting: RHB Raúl Camacho 0-0: Called Strike
0-1: Ground out 5-3 (Groundball, 5L, EV 87.5 MPH)
Top of the 7th over - 0 runs, 0 hits, 0 errors, 0 left on base; Bay 1 - Rome 7
BOTTOM OF THE 7TH
Rome Maelstrom batting - Pitching for Bay Royals : RHP Gary Boyd
Pitching: RHP Don Rose
Batting: LHB Masaharu Kobayashi 0-0: Ball
1-0: Called Strike
1-1: Ball
2-1: Foul Ball, location: 5FF
2-2: Fly out, F7 (Line Drive, 7S, EV 90.6 MPH)
Batting: RHB Enrique Vásquez 0-0: Ball
1-0: Foul Ball, location: 2F
1-1: Swinging Strike
1-2: Ground out 1-3 (Groundball, 34S, EV 75.6 MPH)
Batting: RHB Jerry Gully 0-0: Ball
1-0: Ball
2-0: Foul Ball, location: 2F
2-1: Foul Ball, location: 2F
2-2: Ball
3-2: Base on Balls
Batting: RHB Sakutaro Iwasaki 0-0: Ball
1-0: Foul Ball, location: 3F
1-1: Ball
Jerry Gully is caught stealing 2nd base 2-4
Bottom of the 7th over - 0 runs, 0 hits, 0 errors, 0 left on base; Bay 1 - Rome 7
TOP OF THE 8TH
Bay Royals batting - Pitching for Rome Maelstrom : RHP Pete Broberg
Batting: RHB Jerry Morales 0-0: Ball
1-0: Foul Ball, location: 9LSF
1-1: Ball
2-1: Ball
3-1: Ground out 6-3 (Groundball, 6, EV 85.6 MPH)
Batting: LHB Jack Snow 0-0: Fly out, F7 (Flyball, 78S, EV 95.6 MPH)
Batting: RHB Miguel Días 0-0: Ball
1-0: Called Strike
1-1: Ball
2-1: Fly out, F6 (Line Drive, 56D, EV 68.1 MPH)
Top of the 8th over - 0 runs, 0 hits, 0 errors, 0 left on base; Bay 1 - Rome 7
BOTTOM OF THE 8TH
Rome Maelstrom batting - Pitching for Bay Royals : RHP Don Rose
Batting: RHB Sakutaro Iwasaki 0-0: Called Strike
0-1: Ball
1-1: SINGLE (Flyball, 34D, EV 93.1 MPH)
Batting: LHB Bob Randall 0-0: SINGLE (Flyball, 8RS, EV 100.6 MPH)
Sakutaro Iwasaki to second
Batting: RHB Jeff James 0-0: Ball
1-0: Foul Ball, location: 5FF
1-1: Fly out, F7 (Flyball, 78M, EV 78.8 MPH)
Batting: RHB Vicente García 0-0: Called Strike
0-1: SINGLE (Line Drive, 34, EV 93.8 MPH)
Sakutaro Iwasaki to third
Bob Randall to second
Batting: SHB Ron Cook 0-0: Called Strike
0-1: DOUBLE (Flyball, 8LD, EV 112.5 MPH)
Sakutaro Iwasaki scores
Bob Randall scores
Vicente García to third
Batting: RHB Anastasio Gonzáles 0-0: Swinging Strike
0-1: Called Strike
0-2: Ball
1-2: Foul Ball, location: 5F
1-2: Ball
2-2: Foul Ball, location: 2F
2-2: Foul Ball, location: 9LSF
2-2: Foul Ball, location: 3DF
2-2: Ball
3-2: Foul Ball, location: 7LSF
3-2: Base on Balls
Pitching: LHP Myles Murdoch
Pinch Hitting: RHB Juan Santos 0-0: Called Strike
0-1: Ball
1-1: Fly out, F3 (Popup, 23F, EV 86.3 MPH)
Batting: RHB Enrique Vásquez 0-0: Called Strike
0-1: Swinging Strike
0-2: Fly out, F4 (Line Drive, 34D, EV 66.3 MPH)
Bottom of the 8th over - 2 runs, 4 hits, 0 errors, 3 left on base; Bay 1 - Rome 9
TOP OF THE 9TH
Bay Royals batting - Pitching for Rome Maelstrom : RHP Pete Broberg
Now in RF: Juan Santos
Pinch Hitting: RHB Michael Mitchell 0-0: Called Strike
0-1: Ball
1-1: Ball
2-1: Ball
3-1: Foul Ball, location: 2F
3-2: Foul Ball, location: 2F
3-2: Fly out, F9 (Flyball, 9D, EV 88.1 MPH)
Pinch Hitting: LHB Frank Kinney 0-0: Fly out, F9 (Line Drive, 89S, EV 90.6 MPH)
Pinch Hitting: RHB Luis Valdés 0-0: Ball
1-0: Called Strike
1-1: Ball
2-1: Ball
3-1: Swinging Strike
3-2: Foul Ball, location: 9LSF
3-2: Base on Balls
Pinch Hitting: RHB Larry Williams 0-0: Ball
1-0: Ball
2-0: Ball
3-0: Called Strike
3-1: Foul Ball, location: 3SF
3-2: Foul Ball, location: 9LMFF
3-2: SINGLE (Groundball, 34D, EV 102.5 MPH)
Luis Valdés to second
Luis Valdés to third
Pinch Hitting: RHB Ronnie Wells 0-0: Ball
1-0: Swinging Strike
1-1: Foul Ball, location: 3FF
1-2: Strikes out swinging
Top of the 9th over - 0 runs, 1 hit, 0 errors, 2 left on base; Bay 1 - Rome 9
Wednesday, April 3rd , 2024 - OOTP Baseball 24.8 Build 75